AoeStats
← Desert_Fox

Arena

506254814Analyzed
4v4 RM · 21d ago on Sep 12, 2026· 46m 52s· 8 players
Game mode
Random Map
Map size
Large (8 player)
Population
200
Speed
Normal
Resources
Standard
Victory
Conquest
Starting age
Dark Age
Ending age
Imperial Age
RankedLock teamsTeams togetherTeam positionsShared explorationLock speedFull tech treeHidden civsTurbo modeCheats
Victory
Defeat
🇹🇼 Spanish · Taiwan
1148
+13
🇭🇰 Vietnamese · Hong Kong SAR China
1098
+15
🇹🇼 Byzantines · Taiwan
1092
+15
🇹🇼 Franks · Taiwan
1073
+16
🇺🇾 Teutons · Uruguay
1109
-36
🇦🇷 Celts · Argentina
1065
-14
🇲🇽 Maya · Mexico
1051
-14
🇦🇷 Mongols · Argentina
1046
-14
PERCENT5175
9:25 Feudal Age
9:53 Double-Bit Axe
15:43 Castle Age
14:15 Horse Collar
16:40 Bow Saw
20:40 Fervor
22:53 Gold Mining
28:44 Imperial Age
26:06 Stone Mining
25:40 Pikeman
26:23 Scale Mail Armor
26:31 Heavy Plow
27:14 Gold Shaft Mining
27:29 Wheelbarrow
27:05 Squires
26:51 Gambesons
27:01 Loom
27:35 Forging
29:08 Iron Casting
29:18 Hand Cart
28:48 Halberdier
29:41 Treadmill Crane
31:10 Two-Man Saw
29:49 Elite Skirmisher
30:28 Fletching
31:24 Crossbowman
32:48 Chain Mail Armor
33:14 Ballistics
34:10 Chemistry
33:40 Padded Archer Armor
34:44 Plate Mail Armor
34:53 Stone Shaft Mining
34:05 Imperial Skirmisher
34:09 Capped Ram
35:08 Leather Archer Armor
36:34 Conscription
36:34 Bodkin Arrow
37:07 Thumb Ring
37:30 Greek Fire
39:14 Man-at-Arms
40:00 Bracer
39:43 Arbalester
41:36 Light Cavalry
42:17 Husbandry
42:59 Ring Archer Armor
43:08 Cavalier
46:16 Scale Barding Armor
46:26 Hussar
samchow100
10:47 Feudal Age
12:47 Loom
16:05 Castle Age
14:22 Double-Bit Axe
14:35 Horse Collar
16:08 Stone Mining
17:08 Bow Saw
18:45 Wheelbarrow
21:25 Heavy Plow
24:34 Stone Shaft Mining
24:54 Hand Cart
28:02 Imperial Age
26:02 Fletching
26:13 Padded Archer Armor
26:53 Hand Cart
26:56 Gold Mining
27:22 Town Watch
27:34 Bodkin Arrow
28:24 Thumb Ring
29:05 Leather Archer Armor
28:53 Bracer
30:41 Two-Man Saw
32:06 Chemistry
31:33 Ballistics
32:18 Paper Money
32:38 Elite Rattan Archer
34:19 Hoardings
34:07 Fortified Wall
34:35 Crop Rotation
35:39 Ring Archer Armor
41:23 Murder Holes
41:31 Elite Skirmisher
42:32 Imperial Skirmisher
44:44 Treadmill Crane
William
9:43 Loom
12:02 Feudal Age
16:56 Castle Age
15:17 Double-Bit Axe
17:47 Bow Saw
18:37 Wheelbarrow
22:53 Fervor
28:41 Imperial Age
27:29 Husbandry
28:06 Hand Cart
28:07 Town Watch
28:41 Forging
28:37 Scale Barding Armor
28:56 Gold Mining
30:42 Iron Casting
29:41 Cavalier
31:07 Chain Barding Armor
33:08 Paladin
35:59 Plate Barding Armor
36:32 Blast Furnace
40:38 Conscription
40:19 Chivalry
39:46 Light Cavalry
45:48 Chemistry
44:56 Siege Engineers
46:30 Gold Shaft Mining
47:17 #83
as8923221
11:52 Feudal Age
13:53 Double-Bit Axe
16:14 Castle Age
14:11 Horse Collar
15:08 Stone Mining
20:08 Bow Saw
25:39 Padded Archer Armor
26:41 Leather Archer Armor
27:59 Wheelbarrow
28:28 Loom
28:29 Town Watch
28:49 Husbandry
28:59 Bloodlines
30:08 Fletching
31:20 Hand Cart
31:25 Light Cavalry
32:20 Bodkin Arrow
33:39 Scale Barding Armor
33:46 Forging
34:26 Heavy Plow
37:36 Imperial Age
35:29 Chain Barding Armor
35:47 Iron Casting
36:30 Stone Shaft Mining
35:47 Gold Mining
38:18 Onager
39:23 Conscription
39:51 Thumb Ring
41:10 Two-Man Saw
41:01 Bracer
41:32 Ring Archer Armor
42:11 Chemistry
41:08 Elite Conquistador
42:23 Hoardings
42:04 Capped Ram
42:59 Hussar
46:32 Plate Barding Armor
46:58 Blast Furnace
46:20 Ballistics
46:11 Fortified Wall
46:12 Masonry
45:47 Arrowslits
46:28 Supremacy
Canek
0:29 Loom
11:31 Feudal Age
13:35 Double-Bit Axe
15:53 Castle Age
14:05 Horse Collar
22:39 Crossbowman
24:06 Fletching
25:20 Ballistics
25:55 Bodkin Arrow
27:18 Thumb Ring
30:40 Wheelbarrow
35:41 Imperial Age
33:27 Hand Cart
34:13 Town Watch
35:57 Arbalester
37:33 Bracer
39:06 Heavy Plow
39:09 Scale Mail Armor
39:06 Pikeman
39:58 Forging
40:14 Bow Saw
41:22 Chain Mail Armor
41:42 Iron Casting
40:34 Man-at-Arms
41:03 Halberdier
43:04 Plate Mail Armor
43:39 Crop Rotation
46:47 Blast Furnace
growglobalstrategies
9:22 Loom
11:40 Feudal Age
12:06 Double-Bit Axe
17:10 Castle Age
16:57 Horse Collar
17:59 Heavy Plow
23:59 Bow Saw
24:15 Stone Mining
24:28 Gold Mining
29:15 Wheelbarrow
29:54 Elite Skirmisher
31:18 Gold Shaft Mining
31:20 Stone Shaft Mining
32:57 Hand Cart
32:41 Murder Holes
35:32 Imperial Age
34:56 Ballistics
35:51 Heavy Scorpion
37:42 Chemistry
Dandydemza
11:34 Feudal Age
12:52 Loom
15:36 Castle Age
13:47 Double-Bit Axe
16:40 Bow Saw
17:14 Wheelbarrow
16:24 Town Watch
16:28 Horse Collar
22:01 Heavy Plow
23:05 Husbandry
23:54 Scale Barding Armor
24:51 Hand Cart
25:10 Gold Mining
25:17 Stone Mining
25:57 Chain Barding Armor
25:54 Bloodlines
27:23 Forging
27:45 Town Patrol
29:38 Iron Casting
29:34 Ballistics
32:15 Imperial Age
31:08 Gold Shaft Mining
31:11 Stone Shaft Mining
30:52 Fletching
34:27 Chemistry
32:52 Elite Steppe Lancer
33:19 Onager
35:58 Blast Furnace
38:06 Drill
38:07 Conscription
38:02 Capped Ram
38:54 Siege Ram
44:23 Siege Onager
Desert_Fox
3:46 Loom
10:57 Feudal Age
11:38 Double-Bit Axe
13:47 Wheelbarrow
19:38 Castle Age
17:52 Gold Mining
20:19 Forging
20:19 Scale Barding Armor
20:36 Hand Cart
21:23 Scale Mail Armor
21:47 Town Watch
23:28 Horse Collar
24:38 Stone Mining
25:40 Bow Saw
25:35 Heavy Plow
26:53 Iron Casting
27:29 Stone Shaft Mining
28:21 Pikeman
30:23 Chain Barding Armor
30:17 Fervor
35:57 Imperial Age
34:24 Fletching
35:48 Ballistics
36:07 Cavalier
36:58 Bloodlines
38:06 Blast Furnace
37:39 Conscription
37:21 Arrowslits
39:18 Chemistry
40:01 Plate Barding Armor
43:56 Bombard Tower
Connection lost

Rejoining the realm…

Still unreachable

The connection could not be restored.

Session expired

The server has moved on; the page needs a fresh start.